AoeStats
← Shame Thrower

Arena

508749342Analyzed
1v1 RM · 8d ago on Sep 23, 2026· 50m 58s· 2 players
Game mode
Random Map
Map size
Tiny (2 player)
Population
200
Speed
Normal
Resources
Standard
Victory
Conquest
Starting age
Dark Age
Ending age
Imperial Age
RankedLock teamsTeams togetherTeam positionsShared explorationLock speedFull tech treeHidden civsTurbo modeCheats
Victory
Defeat
🇺🇸 Saxons · United States
1101
+20
🇳🇱 Ethiopians · Netherlands
1088
-15
De_Profeet
11:03 Feudal Age
15:10 Castle Age
13:16 Double-Bit Axe
13:44 Gold Mining
13:55 Horse Collar
16:49 Wheelbarrow
16:28 Bow Saw
16:54 Heavy Plow
21:36 Stone Mining
25:30 Gold Shaft Mining
31:27 Imperial Age
30:27 Stone Shaft Mining
29:41 Crossbowman
30:55 Thumb Ring
31:05 Fletching
31:15 Padded Archer Armor
31:30 Arbalester
32:49 Ballistics
32:29 Bodkin Arrow
34:42 Bracer
39:49 Leather Archer Armor
40:26 Elite Skirmisher
40:39 Elite Shotel Warrior
41:35 Halberdier
42:16 Squires
42:01 Arson
43:35 Ring Archer Armor
43:05 Scale Mail Armor
45:25 Two-Man Saw
49:44 Loom
Shame Thrower
11:17 Feudal Age
14:59 Castle Age
13:06 Double-Bit Axe
13:09 Horse Collar
16:08 Light Cavalry
24:58 Bow Saw
24:52 Heavy Plow
27:09 Wheelbarrow
26:20 Loom
29:35 Hand Cart
29:22 Gold Mining
29:22 Stone Mining
29:35 Scale Mail Armor
32:07 Imperial Age
29:27 Town Watch
31:06 Gold Shaft Mining
31:08 Chain Mail Armor
31:11 Squires
30:56 Arson
31:26 Forging
32:19 Elite Hearth Troop
33:20 Conscription
33:31 Plate Mail Armor
33:37 Iron Casting
33:06 Fletching
34:42 Bodkin Arrow
35:17 Ballistics
35:57 Chemistry
35:29 Bracer
37:12 Iron Casting
36:02 Elite Varangian Guard
36:30 Gambesons
37:05 Shield Wall
37:21 Pikeman
44:45 Padded Archer Armor
47:00 Leather Archer Armor
49:05 Ring Archer Armor
Connection lost

Rejoining the realm…

Still unreachable

The connection could not be restored.

Session expired

The server has moved on; the page needs a fresh start.